 Dungeon Crawl Stone Soup version 0.28.0-43-g3370ac3207 (webtiles) character file.

Game seed: 17320730556054165871

788 Exporg the Ruffian (level 7, 0/67 HPs)
             Began as a Troll Fighter on Mar 20, 2022.
             Was an Initiate of Gozag.
             Slain by an ogre
             ... wielding a +0 giant spiked club
              (20 damage)
             ... on level 5 of the Dungeon.
             The game lasted 00:06:13 (3097 turns).

Exporg the Ruffian (Troll Fighter)                  Turns: 3097, Time: 00:06:15

Health: 0/67       AC:  4    Str: 25    XL:     7   Next: 56%
Magic:  6/6        EV:  9    Int: 10    God:    Gozag
Gold:   430        SH:  8    Dex: 11    Spells: 5/6 levels left

rFire   . . .      SeeInvis .     - Unarmed
rCold   + . .      Faith    .   b - +0 kite shield
rNeg    . . .      Spirit   .   a - +0 robe
rPois   .          Reflect  .   (helmet restricted)
rElec   .          Harm     .   (no cloak)
rCorr   .          Rampage  .   (gloves unavailable)
Will    .....                   (boots unavailable)
Stlth   +.........              (no amulet)
HPRegen 1.01/turn               f - +6 ring of intelligence
MPRegen 0.10/turn               w - ring of protection from cold

@: no status effects
A: large, unfitting armour, claws 3, regeneration 1, shaggy fur 1, tough skin 1
a: Renounce Religion, Potion Petition, Call Merchant, Bribe Branch


You were on level 5 of the Dungeon.
You worshipped Gozag.
Gozag was aware of your devotion.
You visited 1 branch of the dungeon, and saw 5 of its levels.

You collected 430 gold pieces.

Inventory:

Hand Weapons
 j - a +0 arbalest
 r - a +0 giant club
Missiles
 g - 51 bolts
Armour
 a - a +0 robe (worn)
 b - a +0 kite shield (worn)
Jewellery
 f - a +6 ring of intelligence (left claw)
 w - a ring of protection from cold (right claw)
Wands
 o - a wand of iceblast (9)
 p - a wand of acid (1)
Scrolls
 d - 4 scrolls of identify {unknown}
 e - 2 scrolls of holy word {unknown}
 i - a scroll of fog {unknown}
 l - 2 scrolls of fear {unknown}
 m - 2 scrolls of teleportation {unknown}
 v - a scroll of summoning {unknown}
 x - a scroll of enchant weapon {unknown}
 y - a scroll of enchant armour {unknown}
 z - a scroll of magic mapping {unknown}
Potions
 c - 2 potions of might
 h - a potion of magic {unknown}
 k - 2 potions of curing
 q - a potion of resistance {unknown}
 s - a potion of degeneration {unknown}
 t - a potion of mutation {unknown}
 u - a potion of brilliance {unknown}


   Skills:
 + Level 3.3 Fighting
 + Level 3.7 Dodging
 + Level 1.1 Stealth
 + Level 3.9 Shields
 + Level 5.9 Unarmed Combat
 + Level 0.2 Spellcasting


You had 5 spell levels left.
You knew the following spells:

 Your Spells              Type           Power      Damage    Failure   Level
a - Animate Skeleton      Necr           0%         N/A       63%         1

Your spell library contained the following spells:

 Spells                   Type           Power      Damage    Failure   Level
 Apportation              Tloc           0%         N/A       65%         1
 Summon Small Mammal      Summ           0%         N/A       65%         1


Dungeon Overview and Level Annotations

Branches:
Dungeon (5/15)
 Temple: D:4-7

Altars:
Dithmenos
Fedhas
Gozag
Kikubaaqudgha
Nemelex Xobeh
Sif Muna
Xom
Beogh


Innate Abilities, Weirdness & Mutations

You are too large for most types of armour.
You have claws for hands.
Your natural rate of healing is unusually fast.
You are covered in fur. (AC +1)
You have tough skin. (AC +1)


Message History

The ogre is lightly wounded.
The ufetubus hits you. You block the ufetubus's attack.
You barely miss the ogre.
The ogre is lightly wounded.
The ufetubus barely misses you. The ufetubus hits you. The ogre misses you.
The ufetubus hits you but does no damage.
The ufetubus hits you.
You barely miss the ogre.
The ogre is lightly wounded.
The ufetubus barely misses you. x2
The ogre hits you with a +0 giant spiked club!!
* * * LOW HITPOINT WARNING * * *
The ufetubus barely misses you.
The ufetubus hits you but does no damage.
You block the ufetubus's attack. The ufetubus barely misses you.
The ufetubus hits you.
* * * LOW HITPOINT WARNING * * *
You block the ufetubus's attack.
You feel much better. The ufetubus barely misses you. x2
The ogre closely misses you.
You completely miss the ogre.
The ogre is lightly wounded.
You block the ufetubus's attack. The ufetubus hits you.
The ogre hits you with a +0 giant spiked club!!
* * * LOW HITPOINT WARNING * * *
The ufetubus hits you.
* * * LOW HITPOINT WARNING * * *
The ufetubus hits you.
* * * LOW HITPOINT WARNING * * *
Unknown command.
You claw the ogre!
The ogre is severely wounded.
The ufetubus barely misses you. You block the ufetubus's attack.
You scratch the ogre.
The ogre is almost dead.
The ufetubus barely misses you.
The ufetubus hits you but does no damage.
The ogre hits you with a +0 giant spiked club!!
You die...
Your body crumbles into a pile of gold.

#####............... #
###...................
##..................
###................
##...............
#...............
#...............
##.....O........
#....@5........
#..............
##.............
#.............
#............#
##..........##
#.........##
###....<.## #..#.#


You could see an ogre and an ufetubus.

Vanquished Creatures
  Grinder (D:3)
  A water moccasin (D:4)
  An ogre (D:4)
  A scorpion (D:4)
  2 hounds (D:4)
  An orc priest (D:3)
  2 iguanas
  Terence (D:2)
  An orc wizard (D:3)
  A hound skeleton (D:4)
  4 gnolls (D:4)
  4 adders
  4 dart slugs
  An orc (D:3)
  5 endoplasms
  A giant cockroach (D:1)
  7 goblins
  6 hobgoblins
  10 jackals (D:1)
  5 quokkas
  7 ball pythons
  7 bats
  3 kobolds
  5 rats
81 creatures vanquished.

Vanquished Creatures (others)
  3 fungi (D:2)
  3 plants (D:2)
6 creatures vanquished.

Grand Total: 87 creatures vanquished

Notes
Turn   | Place    | Note
-------+----------+-------------------------------------------
     0 | D:1      | Exporg the Troll Fighter began the quest for the Orb.
     0 | D:1      | Reached XP level 1. HP: 22/22 MP: 0/0
   131 | D:1      | Reached XP level 2. HP: 29/29 MP: 1/1
   159 | D:1      | Learned a level 1 spell: Animate Skeleton
   394 | D:1      | Reached XP level 3. HP: 36/36 MP: 2/2
   781 | D:2      | Noticed Terence
   791 | D:2      | Killed Terence
   792 | D:2      | Reached XP level 4. HP: 33/44 MP: 3/3
  1066 | D:2      | Found a faded altar of an unknown god.
  1202 | D:2      | Prayed at the altar of an unknown god.
  1202 | D:2      | Became a worshipper of Gozag Ym Sagoz the Greedy
  1295 | D:3      | Found a shadowy altar of Dithmenos.
  1373 | D:3      | HP: 1/44 [orc priest/nerve-wracking pain (5)]
  1377 | D:3      | Reached skill level 3 in Unarmed Combat
  1393 | D:3      | Reached XP level 5. HP: 18/52 MP: 4/4
  1444 | D:3      | Found a shimmering altar of Xom.
  1444 | D:3      | Found a sparkling altar of Nemelex Xobeh.
  1446 | D:3      | Found a shimmering blue altar of Sif Muna.
  1446 | D:3      | Found an ancient bone altar of Kikubaaqudgha.
  1446 | D:3      | Found a sparkling altar of Nemelex Xobeh.
  1718 | D:3      | Found a blossoming altar of Fedhas.
  1859 | D:3      | Noticed Grinder
  1867 | D:3      | Killed Grinder
  1868 | D:3      | Reached skill level 4 in Unarmed Combat
  1868 | D:3      | Reached XP level 6. HP: 41/61 MP: 5/5
  2287 | D:4      | Reached skill level 5 in Unarmed Combat
  2287 | D:4      | Reached XP level 7. HP: 49/67 MP: 6/6
  2830 | D:4      | Found a shadowy altar of Dithmenos.
  2925 | D:5      | Entered Level 5 of the Dungeon
  2940 | D:4      | Reached skill level 1 in Stealth
  3097 | D:5      | Slain by an ogre

Illustrated notes

Levels and vault maps discovered:
D:1:      lightli_arrival_farm, layout_rooms
D:2:      layout_loops_ring, dreamdust_ecumenical_altar_hidden_monk_grotto,
          uniq_terence
D:3:      layout_loops_corners, fedhas_altar_2, doesnt_xom_only_xom,
          kennysheep_decorative_pillar, kennysheep_orc_chapel, uniq_grinder
D:4:      layout_cave_pools, grunt_dithmenos_smoke_and_mirrors
D:5:      layout_cave_pods, lemuel_blue_sif_altar,
          nicolae_overflow_hidden_temple, minmay_temple_entry_junction,
          serial_shops, nicolae_shop_competitors_out_of_business

Skill      XL: |  1  2  3  4  5  6  7 |
---------------+----------------------+-----
Dodging        | 3 |  3.7
Shields        | 3 |  3.9
Unarmed Combat | 3 4 5 |  5.9
Fighting       | 3 |  3.3
Stealth        | 1 |  1.1
Spellcasting   | |  0.2

Action                   |  1- 3 |  4- 6 |  7- 9 || total
-------------------------+-------+-------+-------++-------
Melee: Unarmed           |    96 |    84 |    54 ||   234
  Use: Potion            |       |     4 |     1 ||     5
 Stab: Sleeping          |       |     2 |     2 ||     4
Armor: Robe              |    21 |    28 |    13 ||    62
Dodge: Dodged            |    32 |    18 |    32 ||    82
Block: Kite shield       |    33 |    27 |    21 ||    81
